AoeStats
← Warningeye

Oasis

510141055Analyzed
2v2 RM · 2d ago on Sep 29, 2026· 29m 35s· 4 players
Game mode
Random Map
Map size
Medium (4 player)
Population
200
Speed
Normal
Resources
Standard
Victory
Conquest
Starting age
Dark Age
Ending age
Imperial Age
RankedLock teamsTeams togetherTeam positionsShared explorationLock speedFull tech treeHidden civsTurbo modeCheats
Victory
Defeat
1174
+15
🇬🇧 Cumans · United Kingdom
1094
+19
🇪🇸 Sicilians · Spain
1204
-19
🇪🇸 Sicilians · Spain
1112
-15
驯龙骑士尹志平
10:18 Loom
12:49 Feudal Age
13:10 Double-Bit Axe
Warningeye
9:56 Feudal Age
11:37 Loom
11:48 Double-Bit Axe
21:15 Fletching
25:00 Padded Archer Armor
jana
8:16 Loom
TOCA
2:17 Loom
Connection lost

Rejoining the realm…

Still unreachable

The connection could not be restored.

Session expired

The server has moved on; the page needs a fresh start.